 Dungeon Crawl Stone Soup version 0.23.2 (webtiles) character file.

Game seed: 1296555714230862724

247 Ethylacetat the Cudgeler (level 6, -1/56 HPs)
             Began as a Naga Gladiator on Apr 9, 2019.
             Slain by a killer bee (5 damage)
             ... on level 3 of the Dungeon.
             The game lasted 00:12:58 (2806 turns).

Ethylacetat the Cudgeler (Naga Gladiator)           Turns: 2806, Time: 00:12:58

Health: -1/56      AC:  7    Str: 23    XL:     6   Next: 11%
Magic:  6/6        EV: 10    Int: 13    God:
Gold:   122        SH:  4    Dex: 13    Spells: 5/5 levels left

rFire    . . .     SeeInvis +   a - +0 flail
rCold    . . .     Gourm    .   j - +0 buckler
rNeg     . . .     Faith    .   b - +0 leather armour
rPois    +         Spirit   .   c - +0 helmet
rElec    .         Reflect  .   h - +2 cloak
rCorr    .         Harm     .   (no gloves)
MR       .....                  (no barding)
Stlth    +.........             (no amulet)
HPRegen  0.18/turn              (no ring)
MPRegen  0.10/turn              (no ring)

@: mighty, brilliant, lethally poisoned (-1 -> -6), short of breath, very slow
A: large, see invisible, deformed body, poison resistance, slowness 2, slow
metabolism 1, spit poison 1, AC +2
a: Spit Poison


You were on level 3 of the Dungeon.
You were hungry.

You visited 1 branch of the dungeon, and saw 4 of its levels.

You collected 122 gold pieces.

Inventory:

Hand Weapons
 a - a +0 flail (weapon)
Missiles
 d - 3 throwing nets (quivered)
 n - 41 arrows
Armour
 b - a +0 leather armour (worn)
 c - a +0 helmet (worn)
 h - a +2 cloak (worn)
 j - a +0 buckler (worn)
Wands
 g - a wand of flame (13)
Scrolls
 e - 2 scrolls of immolation {unknown}
 i - a scroll of magic mapping {unknown}
 m - 2 scrolls of fear {unknown}
 p - a scroll of fog {unknown}
 q - 2 scrolls of remove curse {unknown}
 r - a scroll of random uselessness {unknown}
 s - 3 scrolls of identify {unknown}
 u - a scroll of noise {unknown}
 v - a scroll of enchant weapon {unknown}
 w - a scroll of blinking {unknown}
Potions
 k - 2 potions of might
 o - 3 potions of degeneration {unknown}
 t - 2 potions of mutation {unknown}
Comestibles
 f - 6 rations


   Skills:
 + Level 3.4 Fighting
 * Level 4.9 Maces & Flails
 - Level 1.7 Throwing
 - Level 2.4 Dodging
 - Level 2.4 Shields


You had 5 spell levels left.
You didn't know any spells.
Your spell library was empty.

Dungeon Overview and Level Annotations

Branches:
Dungeon (4/15)
 Temple: D:4-7

Altars:
Elyvilon
Nemelex Xobeh
Trog
Wu Jian


Innate Abilities, Weirdness & Mutations

You cannot wear boots.
Your serpentine skin is tough. (AC +2)
You have supernaturally acute eyesight. (SInv)
Armour fits poorly on your strangely shaped body.
Your system is resistant to poisons. (rPois)
You cover ground very slowly.
You have a slow metabolism.
You can spit poison.


Message History

The splash of poison hits the killer bee!
The killer bee is poisoned.
The killer bee is heavily wounded.
You feel slightly more hungry.
You feel sick. The killer bee stings you!
* * * LOW HITPOINT WARNING * * *
The killer bee misses you. The killer bee stings you.
* * * LOW HITPOINT WARNING * * *
The killer bee stings you.
* * * LOW HITPOINT WARNING * * *
It was a potion of might.
You feel very mighty all of a sudden. The killer bee misses you.
The killer bee stings you!
* * * LOW HITPOINT WARNING * * *
The killer bee barely misses you.
The killer bee stings you but does no damage.
It was a potion of brilliance.
You feel clever all of a sudden.
* * * LOW HITPOINT WARNING * * *
You feel sick. The killer bee stings you.
You die...

...### #.....≈≈≈.≈≈≈...≈.(8≈≈#
.### ######.####≈≈≈≈.≈≈≈≈≈#≈≈≈≈≈≈
.# #......# ##≈#≈≈≈≈≈≈≈≈≈≈≈≈≈. ##
#.###### ##.≈≈≈#≈≈≈≈≈≈#≈≈..
######.# #.#≈≈≈≈≈≈≈≈≈≈≈≈≈..
#......# #.###≈≈≈#≈≈#≈≈#...
..###### #.....≈≈≈≈≈≈≈.....
##################..##≈≈.≈≈#.....
..............yy@yy..............
###################.####....#....
..##...## #.###....##....
........###########.....#####....
##.......#..............# #....
.#.........######.#.##### ##...
##.......### ##.#.# ##..
##......## ##....# ### #.##...##
####..#.##


You could see 4 killer bees.

Vanquished Creatures
  An orc wizard (D:3)
  4 gnolls (D:3)
  4 adders
  5 oozes
  2 worms
  13 dart slugs
  6 orcs
  2 giant cockroaches (D:1)
  10 goblins
  5 hobgoblins
  5 jackals
  6 kobolds
  2 quokkas (D:2)
  2 ball pythons (D:2)
  A ball python skeleton (D:3)
  11 bats
  6 frilled lizards
  9 rats
94 creatures vanquished.

Notes
Turn   | Place    | Note
-------+----------+-------------------------------------------
     0 | D:1      | Ethylacetat the Naga Gladiator began the quest for the Orb.
     0 | D:1      | Reached XP level 1. HP: 19/19 MP: 1/1
     2 | D:1      | Found a runed translucent door.
    86 | D:1      | Reached XP level 2. HP: 25/26 MP: 2/2
   235 | D:1      | Found a sparkling altar of Nemelex Xobeh.
   287 | D:1      | Reached XP level 3. HP: 33/33 MP: 3/3
   498 | D:1      | Reached skill level 1 in Shields
   511 | D:1      | Reached XP level 4. HP: 14/40 MP: 4/4
   799 | D:2      | Found an ornate altar of the Wu Jian Council.
   818 | D:2      | Reached skill level 4 in Maces & Flails
  1328 | D:2      | Reached XP level 5. HP: 39/49 MP: 5/5
  2336 | D:3      | Found a sparkling altar of Nemelex Xobeh.
  2422 | D:3      | Reached XP level 6. HP: 42/56 MP: 6/6
  2652 | D:3      | Found a bloodstained altar of Trog.
  2653 | D:3      | Found a white marble altar of Elyvilon.
  2806 | D:3      | Slain by a killer bee

Skill      XL: |  1  2  3  4  5 |
---------------+----------------+-----
Shields        | 1 2 |  2.4
Maces & Flails | 4 |  4.9
Fighting       | 3 |  3.4
Throwing       | |  1.7
Dodging        | |  2.4

Action                   |  1- 3 |  4- 6 || total
-------------------------+-------+-------++-------
Melee: Flail             |    58 |   150 ||   208
Throw: Throwing net      |       |     1 ||     1
 Abil: Spit Poison       |    18 |    53 ||    71
  Use: Potion            |       |     2 ||     2
  Eat: Chunk             |       |     8 ||     8
Armor: Leather armour    |    28 |    97 ||   125
Dodge: Dodged            |    15 |   121 ||   136
Block: Buckler           |     5 |    36 ||    41
